 Dungeon Crawl Stone Soup version 0.19.4-9-g45fd643 (webtiles) character file.

260 doot the Transmogrifier (level 6, 0/43 HPs)
             Began as a Merfolk Transmuter on Feb 18, 2017.
             Succumbed to an orc's poison
             ... on level 3 of the Dungeon.
             The game lasted 00:18:31 (5108 turns).

doot the Transmogrifier (Merfolk Transmuter)        Turns: 5108, Time: 00:18:32

Health: 0/43       AC:  2    Str: 11    XL:     6   Next: 17%
Magic:  7/9        EV: 21    Int: 12    God:
Gold:   135        SH:  0    Dex: 21    Spells: 3 memorised, 0 levels left

rFire  . . .     SeeInvis .       - Unarmed
rCold  . . .     Gourm    .     (armour currently unavailable)
rNeg   . . .     Faith    .     (shield currently unavailable)
rPois  x         Spirit   .     (helmet currently unavailable)
rElec  .         Reflect  .     (cloak currently unavailable)
rCorr  .         Harm     .     (gloves currently unavailable)
MR     +....     Rnd*Tele +     (boots currently unavailable)
Stlth  ++........               (no amulet)
                                (no ring)
                                j - ring of protection from magic

@: lethally poisoned (0 -> -7), spider-form (expiring)
A: (change form in water), (swift swim), (stealthy swim), agile 1, dopey 1,
sense surroundings 1, (poison resistance), screaming 1, teleportitis 1
a: End Transformation


You were on level 3 of the Dungeon.
You were very hungry.
You were a venomous arachnid creature.
You visited 1 branch of the dungeon, and saw 3 of its levels.

You collected 135 gold pieces.

Inventory:

Hand Weapons
 k - a +2 dagger of freezing (melded)
Missiles
 a - 98 arrows
Armour
 b - a +0 robe (melded)
 l - a +0 helmet (melded)
Jewellery
 j - a ring of protection from magic (left front leg)
Wands
 e - a wand of digging (13/24)
Scrolls
 f - 2 scrolls of identify
 g - 2 scrolls of amnesia
 i - 2 scrolls of enchant weapon
Books
 c - a book of Changes

   Spells                             Type                      Level
   a - Beastly Appendage              Transmutation                1
   b - Sticks to Snakes               Transmutation                2
   c - Spider Form                    Transmutation/Poison         3
   d - Ice Form                       Ice/Transmutation            4
   e - Blade Hands                    Transmutation                5
Comestibles
 d - 3 bread rations
 h - a meat ration


   Skills:
 + Level 1.1 Fighting
 + Level 2.9 Dodging
 + Level 3.2 Unarmed Combat
 + Level 2.1 Spellcasting
 + Level 8.1 Transmutations


You couldn't memorise any spells.
You knew the following spells:

 Your Spells              Type           Power        Failure   Level  Hunger
a - Beastly Appendage     Tmut           ###...       4%          1    ##.....
b - Spider Form           Tmut/Pois      ##........   36%         3    ####...
c - Blade Hands           Tmut           ###.......   50%         5    ######.


Dungeon Overview and Level Annotations

Branches:
Dungeon (3/15)

Altars:
The Shining One


Innate Abilities, Weirdness & Mutations

((You revert to your normal form in water.))
((You are very nimble and swift while swimming.))
((You are very stealthy in the water. (Stealth+)))
You are agile. (Dex +2)
You are dopey. (Int -2)
You passively map a small area around you.
((Your system is resistant to poisons. (rPois)))
You occasionally shout uncontrollably at your foes.
You are occasionally teleported next to monsters.


Message History

Unknown command.
You completely miss the orc priest.
The orc priest is moderately wounded.
* * * LOW HITPOINT WARNING * * *
You feel sick. The orc priest misses you.
Okay, then.
You barely miss the orc priest.
The orc priest is moderately wounded.
The orc priest closely misses you.
You completely miss the orc priest.
The orc priest is moderately wounded.
* * * LOW HITPOINT WARNING * * *
You feel sick.
You hit the orc priest.
The orc priest is poisoned.
The orc priest is heavily wounded.
* * * LOW HITPOINT WARNING * * *
You feel sick. The orc priest barely misses you.
You hit the orc priest.
The orc priest is almost dead.
You die...

,,,,,,,,,,,,,,,,,..*#########...#
,,,,***,,,*,*......##..........##
)..,****,,,,*,.............#..#..
.[(,,,,,,,,,,,.............#....#
#.#******,*,,,,................##
*,* *,,,,,,,,....#.............
*,* *,,,,,,**#o........<.#####.
*,*****,,*,,,* #o##........##....
*,*,,,,,,*,,** #s###.......##...#
#.*,***,,*..####...........##..##
#>#,**,,*..................##.###
......,##...###(...............#
.#...##.....###...>.......#....##
.....,...................###.....
...###..................##_##^.⌠.
.........................##'.....
.##....................#..#..PP..


You could see 2 orc priests.

Vanquished Creatures
  A crimson imp (D:3)
  Natasha (thrice) (D:2)
  7 adders
  An ooze (D:2)
  A worm (D:2)
  4 dart slugs
  A leopard gecko (D:2)
  An orc (D:3)
  8 bats
  3 giant cockroaches
  15 goblins
  11 hobgoblins
  3 jackals (D:1)
  A quokka (D:2)
  4 frilled lizards
  5 kobolds
  6 rats
75 creatures vanquished.

Notes
Turn   | Place    | Note
-------+----------+-------------------------------------------
     0 | D:1      | doot the Merfolk Transmuter began the quest for the Orb.
     0 | D:1      | Reached XP level 1. HP: 15/15 MP: 3/3
    45 | D:1      | Reached skill level 3 in Transmutations
    77 | D:1      | Reached XP level 2. HP: 16/21 MP: 3/5
   535 | D:1      | Reached skill level 4 in Transmutations
  1005 | D:1      | Reached XP level 3. HP: 26/26 MP: 4/6
  1010 | D:1      | Learned a level 3 spell: Spider Form
  1610 | D:2      | Reached skill level 5 in Transmutations
  2043 | D:1      | Gained mutation: You are agile. (Dex +2) [potion of mutation]
  2043 | D:1      | Gained mutation: You passively map a small area around you. [potion of mutation]
  2043 | D:1      | Gained mutation: You occasionally shout uncontrollably at your foes. [potion of mutation]
  2050 | D:1      | Reached XP level 4. HP: 14/32 MP: 5/7
  2051 | D:1      | Gained mutation: You are dopey. (Int -2) [potion of mutation]
  2051 | D:1      | Gained mutation: You are occasionally teleported next to monsters. [potion of mutation]
  2051 | D:1      | Gained mutation: Your system is resistant to poisons. (rPois) [potion of mutation]
  3037 | D:2      | Reached skill level 6 in Transmutations
  3489 | D:3      | Noticed Natasha
  3686 | D:3      | Reached XP level 5. HP: 34/37 MP: 6/8
  3892 | D:2      | Killed Natasha
  3892 | D:2      | Reached skill level 7 in Transmutations
  3918 | D:2      | Noticed Natasha
  3931 | D:2      | Killed Natasha
  4519 | D:3      | Reached skill level 8 in Transmutations
  4519 | D:3      | Reached XP level 6. HP: 36/43 MP: 7/9
  4530 | D:3      | Learned a level 5 spell: Blade Hands
  4924 | D:2      | Noticed Natasha
  4929 | D:2      | Killed Natasha
  5050 | D:3      | Found a glowing golden altar of the Shining One.
  5106 | D:3      | HP: 2/43 [poisoned by an orc]
  5108 | D:3      | Succumbed to an orc's poison

Skill      XL: |  1  2  3  4  5 |
---------------+----------------+-----
Transmutations | 3 4 5 6 8 |  8.1
Fighting       | |  1.1
Dodging        | |  2.9
Unarmed Combat | |  3.2
Spellcasting   | |  2.1

Action                   |  1- 3 |  4- 6 || total
-------------------------+-------+-------++-------
Melee: Unarmed           |   116 |    66 ||   182
       Headbutt          |    20 |    15 ||    35
       Punch             |     1 |     1 ||     2
       Dagger            |       |   107 ||   107
 Cast: Beastly Appendage |    20 |    22 ||    42
       Spider Form       |       |     6 ||     6
       Blade Hands       |       |     1 ||     1
  Use: Potion            |     3 |     4 ||     7
       Scroll            |       |     8 ||     8
 Stab: Sleeping          |     1 |       ||     1
  Eat: Chunk             |     3 |    12 ||    15
Armor: Robe              |    17 |    22 ||    39
Dodge: Dodged            |    87 |   109 ||   196
